 Dungeon Crawl Stone Soup version 0.29.0-4-gdea44cf6ec (webtiles) character file.

Game seed: 7461325987315786180

3 qw the Shield-Bearer (level 1, 0/14 HPs)
             Began as a Gargoyle Fighter on Sept 8, 2022.
             Constricted to death by a ball python (1 damage)
             ... on level 1 of the Dungeon.
             The game lasted 00:00:01 (38 turns).

qw the Shield-Bearer (Gargoyle Fighter)               Turns: 38, Time: 00:00:02

Health: 0/14       AC:  9    Str: 19    XL:     1   Next: 50%
Magic:  1/1        EV:  6    Int:  8    God:
Gold:   0          SH:  4    Dex:  9    Spells: 0/0 levels left

rFire   . . .      SeeInvis .   a - +0 war axe
rCold   . . .      Faith    .   c - +0 buckler
rNeg    + . .      Spirit   .   b - +0 scale mail
rPois   inf        Reflect  .   (no helmet)
rElec   +          Harm     .   (no cloak)
rCorr   .          Rampage  .   (no gloves)
Will    .....                   (no boots)
Stlth   ..........              (no amulet)
HPRegen 0.04/turn               (no ring)
MPRegen 0.07/turn               (no ring)

@: constricted
A: sickness immunity, AC +2, negative energy resistance 1, electricity
resistance, torment resistance 1, petrification resistance
a: no special abilities


You were on level 1 of the Dungeon.
You visited 1 branch of the dungeon, and saw 1 of its levels.


Innate Abilities, Weirdness & Mutations

You are immune to sickness and miasma.
Your stone body is resilient. (AC +2)
You are immune to poison.
You resist negative energy. (rN+)
You are resistant to electric shocks. (rElec)
You are resistant to unholy torment.
You are immune to petrification.


   Skills:
 - Level 3.2 Fighting
 + Level 2.1 Axes
 - Level 3.2 Armour
 - Level 3.2 Shields


You couldn't memorise any spells.
You didn't know any spells.
Your spell library was empty.

Inventory:

Hand Weapons
 a - a +0 war axe (weapon)
Armour
 b - a +0 scale mail (worn)
 c - a +0 buckler (worn)
Potions
 d - a potion of might

Dungeon Overview and Level Annotations

Branches:
Dungeon (1/15)

Altars:


Message History

You closely miss the ball python. The ball python bites you.
The ball python constricts you.
The ball python bites you but does no damage.
The ball python constricts you. You block the frilled lizard's attack.
You closely miss the ball python. You hit the frilled lizard.
You kill the frilled lizard!
The ball python bites you but does no damage.
The ball python constricts you. You block the ball python's attack.
The ball python constricts you.
You hit the ball python but do no damage.
You closely miss the goblin.
The ball python bites you but does no damage.
The ball python constricts you. The goblin hits you with a +0 dagger.
You barely miss the ball python. You hit the goblin.
The ball python bites you but does no damage.
The ball python constricts you. The goblin hits you but does no damage.
The ball python bites you. The ball python constricts you.
The goblin hits you but does no damage.
You barely miss the ball python. You hit the goblin.
The ball python bites you but does no damage.
The ball python constricts you. The goblin hits you but does no damage.
You block the ball python's attack. The ball python constricts you.
You closely miss the ball python. You hit the goblin.
You kill the goblin!
The ball python bites you. The ball python constricts you.
The ball python closely misses you. The ball python constricts you.
Your Axes skill increases to level 2!
You closely miss the ball python.
The ball python bites you but does no damage.
The ball python constricts you.
A ball python comes into view.
You block the ball python's attack. The ball python constricts you.
The ball python hisses angrily.
You slash the ball python!
You kill the ball python!
You barely miss the ball python.
A bat comes into view.
The ball python barely misses you. The ball python grabs you.
The ball python constricts you.
You die...

.#. .. .. #. #.##
..# #.#
##@###########
#S).......PP~#
.........###.##~PP#
.....#...# #.##P~~#
.....#.### #~PP##.#
b... #. #P~P##.#
#.. #. #~~P...# #.+
#. ~P~#####.# #.


~PP #.# You could see a bat and a ball python.

Vanquished Creatures
  A ball python (D:1)
  A goblin (D:1)
  A frilled lizard (D:1)
3 creatures vanquished.

Notes
Turn   | Place    | Note
-------+----------+-------------------------------------------
     0 | D:1      | qw the Gargoyle Fighter began the quest for the Orb.
     0 | D:1      | Reached XP level 1. HP: 14/14 MP: 1/1
     0 | D:1      | 0 ||| qw: Version: 0.1-a-112-g44dc6cd
     0 | D:1      | 0 ||| qw: Game counter: 6678
     0 | D:1      | 0 ||| qw: Always use a shield: true
     0 | D:1      | 0 ||| qw: God list: Okawaru
     0 | D:1      | 0 ||| qw: Allow faded altars: false
     0 | D:1      | 0 ||| qw: Do Orc after D:15 true
     0 | D:1      | 0 ||| qw: Do second Lair branch before Depths: true
     0 | D:1      | 0 ||| qw: Lair rune preference: random
     0 | D:1      | 0 ||| qw: Plans: Normal, Zot, God:TSO, Crypt, Tomb, Zig,
                  | Orb
     0 | D:1      | 0 ||| PLANNING D:1-11
    31 | D:1      | HP: 3/14 [ball python (1)]
    32 | D:1      | HP: 1/14 [constriction (1)]
    38 | D:1      | Constricted to death by a ball python

Levels and vault maps discovered:
D:1:      psy_arrival_conway, layout_loops_corners, serial_shops,
          nicolae_shop_bloodbath_and_beyond,
          dreamdust_ecumenical_altar_angels_and_demons

Skill      XL: |  1 |
---------------+----+-----
Axes           | 2 |  2.1
Fighting       | |  3.2
Armour         | |  3.2
Shields        | |  3.2

Action                   || total
-------------------------++-------
Melee: War axe           ||    13
Armor: Scale mail        ||    11
Dodge: Dodged            ||     4
Block: Buckler           ||     6

Table legend:
 A = Non-vault XP
 B = Vault XP
 C = Vault XP percentage of total XP
 D = Non-vault monster count
 E = Vault monster count
 F = Vault count percentage of total count
                 A         B        C        D         E       F
            +---------+---------+-------+---------+---------+-------
      Total |       5 |       0 |   0.0 |       3 |       0 |   0.0
            +---------+---------+-------+---------+---------+-------
        D:1 |       5 |       0 |   0.0 |       3 |       0 |   0.0
            +---------+---------+-------+---------+---------+-------
